 Dungeon Crawl Stone Soup version 0.31-a0-202-g547052bce9 (webtiles) character file.

Game seed: 2617500971256165727

63 qw the Shooter (level 3, 0/20 HPs)
             Began as a Deep Elf Hunter on June 26, 2023.
             Slain by a scorpion (4 damage)
             ... on level 3 of the Dungeon.
             The game lasted 00:00:28 (1840 turns).

qw the Shooter (Deep Elf Hunter)                    Turns: 1840, Time: 00:00:29

Health: 0/20       AC:  3    Str: 10    XL:     3   Next: 89%
Magic:  5/5        EV: 12    Int: 13    God:
Gold:   139        SH:  0    Dex: 18    Spells: 2/2 levels left

rFire   . . .        Y - +0 shortbow (freeze)
rCold   . . .        (shield currently unavailable)
rNeg    . . .        c - +0 leather armour
rPois   .            (no helmet)
rElec   .            (no cloak)
rCorr   .            (no gloves)
SInv    .            (no boots)
Will    .....        (no amulet)
Stlth   ++           (no ring)
HPRegen 0.23/turn    (no ring)
MPRegen 0.09/turn

%: no passive effects
@: lethally poisoned (0 -> -10)
A: no striking features
a: no special abilities


You were on level 3 of the Dungeon.
You visited 1 branch of the dungeon, and saw 3 of its levels.

You collected 139 gold pieces.


   Skills:
 - Level 1.5 Fighting
 + Level 7.3 Ranged Weapons
 - Level 2.4 Dodging
 - Level 1.2 Stealth


You had 2 spell levels left.
You didn't know any spells.
Your spell library was empty.

Inventory:

Hand Weapons
 Y - a +0 shortbow of freezing (weapon)
Armour
 c - a +0 leather armour (worn)
Scrolls
 e - a scroll of identify
Potions
 a - a potion of enlightenment

Dungeon Overview and Level Annotations

Branches:
Dungeon (3/15)

Altars:

Annotations:
D:2 1 runed translucent door, Crazy Yiuf


Message History

d - a potion of brilliance;
1779 ||| IDENTIFYING brown potion Could not explore, unopened runed door.
1780 ||| DROPPING potion of brilliance.
You drop a potion of brilliance.
Could not explore, unopened runed door.
(D) Dungeon
Where to? (* - list waypoints, Enter - D:2, ? - help)
What level of the Dungeon? (default 1, ? - help) Crazy Yiuf says, "Orb unthinkable aubergine!"
There is an open door here.
You see here a scroll of butterflies.
You feel your willpower return.
There is a stone staircase leading down here.
You climb downwards.
There is a stone staircase leading up here.
Waypoint 2 assigned to D:3.
A scorpion comes into view.
You shoot an arrow. The arrow barely misses the scorpion.
You shoot an arrow.
The arrow completely misses the scorpion.
You shoot an arrow. The arrow hits the scorpion.
The arrow freezes the scorpion.
The scorpion is lightly wounded.
The scorpion stings you.
You are poisoned.
The scorpion poisons you!
You shoot an arrow. The arrow hits the scorpion.
The arrow freezes the scorpion.
The scorpion is heavily wounded.
You feel very sick. The scorpion stings you.
You are lethally poisoned!
The scorpion poisons you!
You shoot an arrow.
The arrow hits the scorpion but does no damage.
The scorpion is heavily wounded.
You feel very sick. The scorpion barely misses you.
The scorpion closely misses you.
You shoot an arrow. The arrow hits the scorpion.
The arrow freezes the scorpion.
The scorpion is severely wounded.
You feel very sick. The scorpion stings you.
You die...

#....#
##.###.# #.#
.# . #.# .#
.. #.# .# ..
#.# .# .# #.#
.#..#..
##.###......7
#....@s.....7
#######.....7
..... ...7
... .. .


You could see a scorpion.

Vanquished Creatures
  An adder (D:2)
  2 worms (D:2)
  2 dart slugs (D:2)
  4 ball pythons
  An endoplasm (D:1)
  A giant cockroach (D:2)
  5 goblins
  2 hobgoblins
  12 jackals
  2 quokkas (D:2)
  2 bats (D:2)
  2 frilled lizards (D:2)
  2 rats (D:1)
38 creatures vanquished.

Notes
Turn   | Place    | Note
-------+----------+-------------------------------------------
     0 | D:1      | qw the Deep Elf Hunter began the quest for the Orb.
     0 | D:1      | Reached XP level 1. HP: 12/12 MP: 3/3
     0 | D:1      | 0 ||| qw: Version: 0.3-a-22-g0ed2b0b
     0 | D:1      | 0 ||| qw: Game counter: 6003
     0 | D:1      | 0 ||| qw: Melee chars always use a shield: true
     0 | D:1      | 0 ||| qw: God list: Okawaru
     0 | D:1      | 0 ||| qw: Allow faded altars: false
     0 | D:1      | 0 ||| qw: Do Orc after clearing Dungeon:15 true
     0 | D:1      | 0 ||| qw: Do second Lair branch before Depths: true
     0 | D:1      | 0 ||| qw: Lair rune preference: random
     0 | D:1      | 0 ||| qw: Goals: Normal
     0 | D:1      | 0 ||| PLANNING D:1-11
    64 | D:1      | HP: 3/12 [hobgoblin (3)]
   302 | D:1      | Reached skill level 6 in Ranged Weapons
   302 | D:1      | Reached XP level 2. HP: 16/16 MP: 4/4
   478 | D:1      | You fall into a shaft and drop 1 floor!
   547 | D:2      | Found a runed translucent door.
   548 | D:2      | Noticed Crazy Yiuf
   651 | D:2      | Reached XP level 3. HP: 20/20 MP: 5/5
   653 | D:2      | 653 ||| READING 2 scrolls labelled KUINLA ZYDGHOS.
   654 | D:2      | 654 ||| READING scroll of brand weapon.
   654 | D:2      | 654 ||| BRANDING +0 shortbow of draining.
   655 | D:2      | 655 ||| READING 2 scrolls labelled DAG ISUOPRYPS.
   656 | D:2      | 656 ||| READING scroll labelled SEUJEZYJAV.
   657 | D:2      | 657 ||| READING scroll labelled CEANGA AFYFO.
   660 | D:2      | 660 ||| READING scroll labelled NEOMIE ALUISA.
   665 | D:2      | 665 ||| READING scroll labelled XISESTUSMU.
   666 | D:2      | 666 ||| DROPPING scroll of butterflies.
   685 | D:2      | Reached skill level 7 in Ranged Weapons
  1203 | D:1      | 1203 ||| READING 2 scrolls of identify.
  1203 | D:1      | 1203 ||| IDENTIFYING metallic blue potion
  1676 | D:2      | 1676 ||| READING scroll labelled JOIDOY RU WOMO.
  1777 | D:2      | 1777 ||| READING scroll labelled URAFOM QOYH.
  1778 | D:2      | 1778 ||| READING scroll labelled SAIGOITSUTS.
  1779 | D:2      | 1779 ||| READING 2 scrolls of identify.
  1779 | D:2      | 1779 ||| IDENTIFYING brown potion
  1780 | D:2      | 1780 ||| DROPPING potion of brilliance.
  1834 | D:3      | Noticed a scorpion
  1840 | D:3      | HP: 4/20 [poisoned by a scorpion]
  1840 | D:3      | Slain by a scorpion

Levels and vault maps discovered:
D:1:      lemuel_arrival_river_passageway, layout_loops_corners,
          minmay_misc_feat_tower, chequers_garden, minmay_heptomino_l4
D:2:      layout_basic, serial_bayou_pond_d, uniq_crazy_yiuf_cottage
D:3:      layout_basic, serial_forest, infiniplex_forest_lined_2,
          infiniplex_forest_straight_1, infiniplex_forest_end_2,
          infiniplex_forest_zigzag_2, infiniplex_forest_lined_3,
          infiniplex_forest_end_2, infiniplex_forest_clump_medium,
          infiniplex_forest_corner_1, infiniplex_forest_end_2

Skill      XL: |  1  2  3 |
---------------+----------+-----
Ranged Weapons | 6 7 |  7.3
Fighting       | |  1.5
Dodging        | |  2.4
Stealth        | |  1.2

Action                     || total
---------------------------++-------
   Fire: Shortbow          ||   100
    Use: Scroll            ||    12
 Armour: Leather armour    ||    11
  Dodge: Dodged            ||    24

Table legend:
 A = Non-vault XP
 B = Vault XP
 C = Vault XP percentage of total XP
 D = Non-vault monster count
 E = Vault monster count
 F = Vault count percentage of total count
                 A         B        C        D         E       F
            +---------+---------+-------+---------+---------+-------
      Total |      84 |       7 |   7.7 |      34 |       4 |  10.5
            +---------+---------+-------+---------+---------+-------
        D:1 |      17 |       7 |  29.2 |      10 |       4 |  28.6
        D:2 |      67 |       0 |   0.0 |      24 |       0 |   0.0
            +---------+---------+-------+---------+---------+-------
